 Dungeon Crawl Stone Soup version 0.19-a0 (webtiles) character file.

754 Loki the Grappler (level 7, -6/65 HPs)
             Began as a Troll Warper on Apr 27, 2016.
             Was an Initiate of Cheibriados.
             Mangled by an ogre
             ... wielding a +0 giant club
              (23 damage)
             ... on level 10 of the Dungeon.
             The game lasted 00:15:34 (1443 turns).

Loki the Grappler (Troll Warper)                    Turns: 1443, Time: 00:15:35

Health: -6/65      AC: 11    Str: 21    XL:     7   Next: 49%
Magic:  7/7        EV:  7    Int: 12    God:    Cheibriados [......]
Gold:   75         SH:  0    Dex: 10    Spells: 2 memorised, 3 levels left

rFire  + + .     SeeInvis .       - Unarmed
rCold  x . .     Gourm    +     u - +0 fire dragon armour
rNeg   . . .     Faith    .     (no shield)
rPois  .         Spirit   .     (helmet restricted)
rElec  .         Dismiss  .     (no cloak)
rCorr  .         Reflect  .     (gloves unavailable)
SustAt .         Harm     .     (boots unavailable)
MR     .....                    (no amulet)
Stlth  ..........               (no ring)
                                (no ring)

@: very slow, not resistant to hostile enchantments, extremely unstealthy
A: unfitting armour, claws 3, fast metabolism 3, gourmand, regeneration 2,
shaggy fur 1, tough skin 2
a: Bend Time, Renounce Religion


You were on level 10 of the Dungeon.
You worshipped Cheibriados.
Cheibriados was noncommittal.
You were very full.

You visited 2 branches of the dungeon, and saw 11 of its levels.

You collected 243 gold pieces.
You spent 168 gold pieces at shops.

Inventory:

Missiles
 j - a throwing net (quivered)
Armour
 a - a +0 robe
 e - a +2 cloak
 u - a +0 fire dragon armour (worn)
Wands
 t - a wand of lightning (0/15)
Scrolls
 c - 2 scrolls of blinking
 d - a scroll of enchant weapon {unknown}
 g - 7 scrolls of identify
 h - a scroll of remove curse
 k - 2 scrolls of fog
 m - 2 scrolls of enchant armour
 o - 2 scrolls of noise
 q - a scroll of random uselessness
 r - 2 scrolls of teleportation
Potions
 n - 2 potions of lignification
 p - a potion of might
 s - a potion of mutation {unknown}
Books
 b - a book of Spatial Translocations

   Spells                             Type                      Level
   a - Apportation                    Translocation                1
   b - Blink                          Translocation                2
   c - Shroud of Golubria             Charms/Translocation         2
   d - Portal Projectile              Translocation                3
   e - Teleport Other                 Translocation                3
   f - Passage of Golubria            Translocation                4
Comestibles
 f - 3 bread rations
 i - 2 meat rations
 l - a royal jelly


   Skills:
 + Level 2.1 Fighting
 - Level 0.8 Throwing
 - Level 1.9 Dodging
 * Level 8.2 Unarmed Combat
 - Level 1.2 Spellcasting
 - Level 2.1 Translocations
 + Level 1.0 Evocations


You had 3 spell levels left.
You knew the following spells:

 Your Spells              Type           Power        Failure   Level  Hunger
a - Apportation           Tloc           #.........   43%         1    ##.....
p - Passage of Golubria   Tloc           N/A          100%        4    #####..


Dungeon Overview and Level Annotations

Branches:
Dungeon (10/15)            Temple (1/1) D:6
   Lair: D:8-11         Orc: D:9-12

Altars:
Ashenzari
Cheibriados
Elyvilon
Fedhas
Gozag
Okawaru
Ru
Yredelemnul
The Shining One

Shops:
D:9 ?

Annotations:
D:8 Maurice


Innate Abilities, Weirdness & Mutations

You are too large for most types of armour.
You have claws for hands.
Your metabolism is lightning-fast.
You like to eat raw meat.
You heal very quickly.
You are covered in fur (AC +1).
You have very tough skin (AC +2).


Message History

You completely miss the ogre.
The ogre is lightly wounded.
Your fire dragon armour prevents you from hitting the ogre.
The ogre is lightly wounded.
The ogre closely misses you.
You scratch the ogre.
The ogre is lightly wounded.
The ogre hits you with a giant club!!
You claw the ogre!
The ogre is heavily wounded.
You scratch the ogre.
The ogre is heavily wounded.
The ogre hits you with a giant club!
* * * LOW HITPOINT WARNING * * *
You claw the ogre!
The ogre is almost dead.
You scratch the ogre but do no damage.
The ogre is almost dead.
The ogre hits you with a giant club!!
You die...

#......##
#........
#.##.#.##
#.##.#.#
#.###....#
.
..........#
##.####...#
##O## #@#
#.....#
#..$..#
#.....#
#.....#
#.....#
#######


You could see an ogre.

Vanquished Creatures
  Edmund (D:4)
  A black bear (D:9)
  An ogre (D:9)
  Blork the orc (D:5)
  A giant frog (D:9)
  A scorpion (D:8)
  A jelly (D:8)
  2 crimson imps
  A giant frog skeleton (D:7)
  An orc wizard (D:2)
  2 worker ants
  6 adders
  A worm (D:2)
  2 giant geckos
  3 giant cockroaches
  2 goblins
  6 hobgoblins
  3 jackals (D:6)
  A giant gecko skeleton (D:7)
  2 giant newts
  6 kobolds
  3 rats
48 creatures vanquished.

Notes
Turn   | Place    | Note
--------------------------------------------------------------
     0 | D:1      | Loki the Troll Warper began the quest for the Orb.
     0 | D:1      | Reached XP level 1. HP: 19/19 MP: 1/1
    87 | D:1      | Found a shattered altar of Ashenzari.
   184 | D:1      | Reached XP level 2. HP: 27/27 MP: 2/2
   336 | D:1      | Reached skill level 3 in Unarmed Combat
   365 | D:2      | Found a sacrificial altar of Ru.
   371 | D:2      | Reached XP level 3. HP: 33/33 MP: 3/3
   400 | D:2      | Found an iron altar of Okawaru.
   421 | D:2      | Reached skill level 4 in Unarmed Combat
   438 | D:2      | Reached XP level 4. HP: 29/41 MP: 4/4
   638 | D:4      | Noticed Edmund
   652 | D:4      | Killed Edmund
   652 | D:4      | Reached skill level 5 in Unarmed Combat
   652 | D:4      | Reached XP level 5. HP: 48/48 MP: 5/5
   662 | D:4      | Learned a level 4 spell: Passage of Golubria
   715 | D:5      | Entered Level 5 of the Dungeon
   747 | D:4      | Reached skill level 6 in Unarmed Combat
   864 | D:5      | Reached XP level 6. HP: 55/55 MP: 6/6
   876 | D:5      | Noticed Blork the orc
   885 | D:5      | Killed Blork the orc
   897 | D:6      | Found a staircase to the Ecumenical Temple.
   904 | Temple   | Entered the Ecumenical Temple
   962 | Temple   | Became a worshipper of Cheibriados the Contemplative
  1060 | D:7      | Reached skill level 7 in Unarmed Combat
  1065 | D:8      | Noticed a hungry ghost
  1076 | D:8      | Noticed Maurice
  1191 | D:7      | Found a white marble altar of Elyvilon.
  1215 | D:9      | Reached XP level 7. HP: 48/62 MP: 7/7
  1275 | D:9      | Found Serimur's Magic Scroll Emporium.
  1281 | D:9      | Bought a scroll of identify for 28 gold pieces
  1281 | D:9      | Bought 2 scrolls of identify for 56 gold pieces
  1281 | D:9      | Bought a scroll of teleportation for 42 gold pieces
  1281 | D:9      | Bought a scroll of fog for 28 gold pieces
  1281 | D:9      | Bought a scroll of noise for 14 gold pieces
  1329 | D:9      | Reached skill level 8 in Unarmed Combat
  1369 | D:10     | Entered Level 10 of the Dungeon
  1430 | D:10     | Reached skill level 1 in Evocations
  1443 | D:10     | Mangled by an ogre

Vault maps used:
D:1:      saegor_arrival_simple_a, evilmike_ruin_ashenzari
D:2:      overflow_temple_1_default, nicolae_ru_great_annihilating_truth
D:3:      first_bread
D:4:      kennysheep_little_box, uniq_edmund
D:5:      uniq_blork_the_orc, uniq_crazy_yiuf_cottage
D:6:      minmay_temple_entry_junction2
D:7:      lemuel_round_altar, lemuel_crystal_altar,
          nicolae_overflow_hidden_temple, nicolae_overflow_crystal_walls,
          uniq_duvessa
D:8:      uniq_maurice
D:9:      gammafunk_temple_overflow_elements, serial_shops, nicolae_shop_crystal
D:10:     enter_trove_0, enter_bailey_2
Temple:   dpeg_five_rooms_temple_12

Skill      XL: |  1  2  3  4  5  6  7 |
---------------+----------------------+-----
Unarmed Combat | 3 4 5 6 7 8 |  8.2
Fighting       | 2 |  2.1
Evocations     | 1 |  1.0
Throwing       | |  0.8
Dodging        | |  1.9
Spellcasting   | |  1.2
Translocations | |  2.1

Action                   |  1- 3 |  4- 6 |  7- 9 || total
-------------------------+-------+-------+-------++-------
Melee: Unarmed           |    69 |    95 |    26 ||   190
       Punch             |     1 |     3 |       ||     4
Throw: Tomahawk          |       |       |     5 ||     5
       Throwing net      |       |       |     1 ||     1
Evoke: Wand              |       |       |     5 ||     5
  Use: Scroll            |       |     5 |     1 ||     6
       Potion            |       |     1 |       ||     1
 Stab: Sleeping          |       |     1 |       ||     1
  Eat: Chunk             |     3 |     3 |     9 ||    15
       Beef jerky        |       |     2 |       ||     2
Armor: Robe              |    51 |    25 |     2 ||    78
       Skin              |       |     5 |       ||     5
Dodge: Dodged            |    69 |    50 |    12 ||   131
